AoeStats
← 小狮子楠楠

Arabia

503792936Analyzed
1v1 RM · 1mo ago on Sep 2, 2026· 44m 34s· 2 players
Game mode
Random Map
Map size
Tiny (2 player)
Population
200
Speed
Normal
Resources
Standard
Victory
Conquest
Starting age
Dark Age
Ending age
Imperial Age
RankedLock teamsTeams togetherTeam positionsShared explorationLock speedFull tech treeHidden civsTurbo modeCheats
Victory
Defeat
🇨🇳 Franks · China
882
+16
🇹🇷 Romans · Türkiye
876
-16
JOHNWICK
9:53 Feudal Age
10:17 Man-at-Arms
13:00 Scale Mail Armor
14:09 Horse Collar
15:24 Double-Bit Axe
17:11 Gold Mining
17:11 Stone Mining
19:00 Loom
23:29 Castle Age
25:00 Pikeman
26:21 Bow Saw
26:28 Heavy Plow
28:35 Gold Shaft Mining
34:22 Imperial Age
33:25 Squires
33:59 Chain Mail Armor
33:55 Forging
34:42 Wheelbarrow
34:53 Halberdier
36:10 Conscription
36:01 Ballistas
36:25 Hand Cart
38:23 Iron Casting
40:20 Chemistry
39:23 Padded Archer Armor
39:14 Fletching
41:23 Heavy Scorpion
小狮子楠楠
0:30 Loom
13:18 Feudal Age
22:17 Castle Age
20:25 Double-Bit Axe
23:49 Bow Saw
23:57 Husbandry
27:52 Wheelbarrow
28:36 Gold Mining
28:36 Stone Mining
29:49 Hand Cart
34:30 Imperial Age
33:51 Scale Barding Armor
34:51 Cavalier
35:54 Conscription
36:09 Chivalry
38:10 Chemistry
37:57 Elite Throwing Axeman
44:14 Paladin
Connection lost

Rejoining the realm…

Still unreachable

The connection could not be restored.

Session expired

The server has moved on; the page needs a fresh start.